Map: [ESL] Babylon

Players

Cure - Winner!

  • Race: Terran Terran
  • Spawn Location: 11:00

GuMiho

  • Race: Terran Terran
  • Spawn Location: 5:00

Event: ESL SC2 Masters 2023 Summer (Finals)

VOD

Have the link to the VOD?

Description

Time

  • Played on: June 16, 2023, 11:04 a.m.
  • Length: 13:43

All games in this series

Show
View Real Time Build Order
Export as new Build Order

Cure Terran - Winner!

Build Orders: Command Center First 

Get SALT Encoding   

  12  0:00  SCV  
  13  0:12  SCV  
  14  0:16  Supply Depot  
  14  0:24  SCV  
  15  0:38  SCV  
  16  0:50  SCV  
  17  0:59  Command Center  
  17  1:02  SCV  
  18  1:12  Barracks  
  18  1:15  SCV  
  19  1:21  Refinery  
  19  1:27  SCV  
  19  1:30  Refinery  
  20  1:39  SCV  
  21  1:51  SCV  
  22  1:59  Marine  
  23  2:03  Orbital Command  
  23  2:10  Factory  
  23  2:11  Orbital Command  
  23  2:16  Marine  
  24  2:29  Barracks  
  24  2:30  SCV  
  24  2:34  Marine  
  26  2:37  SCV  
  26  2:42  SCV  
  28  2:48  Supply Depot  
  28  2:49  SCV  
  29  2:52  Marine  
  29  2:54  Factory Tech Lab  
  29  2:55  SCV  
  31  3:00  Starport  
  31  3:03  SCV  
  32  3:08  SCV  
  32  3:10  Marine  
  34  3:13  Cyclone  
  34  3:17  Barracks Reactor  
  34  3:19  SCV  
  38  3:20  SCV  
  38  3:24  Supply Depot  
  39  3:28  Marine  
  39  3:31  SCV  
  39  3:33  SCV  
  42  3:36  Starport Tech Lab  
  42  3:43  SCV  
  42  3:44  Refinery  
  42  3:45  SCV  
  42  3:46  Siege Tank  
  42  3:47  Marine  
  48  3:49  Supply Depot  
  48  3:55  Raven, SCV  
  51  3:57  SCV  
  51  3:58  Marine x2  
  51  4:02  Supply Depot  
  54  4:10  Marine, SCV x2  
  54  4:15  Marine  
  54  4:16  Marine  
  59  4:18  Siege Tank, Supply Depot  
  59  4:23  SCV x2  
  64  4:33  Marine x2  
  64  4:37  SCV  
  64  4:38  SCV  
  68  4:39  Stimpack, Starport Reactor  
  68  4:42  Command Center  
  69  4:50  SCV x2, Marine  
  69  4:51  Marine, Supply Depot  
  72  4:53  Marine  
  72  4:56  Siege Tank  
  76  5:00  Supply Depot  
  76  5:03  SCV x2, Refinery  
  78  5:12  Marine x3  
  81  5:14  Supply Depot  
  81  5:15  Medivac x2  
  81  5:19  SCV  
  86  5:21  SCV  
  86  5:23  Supply Depot  
  87  5:30  Marine x3, Supply Depot  
  87  5:33  Siege Tank  
  93  5:38  SCV x2  
  95  5:45  Barracks  
  95  5:51  Marine x3  
  95  5:53  Viking  
  100  5:57  Orbital Command  
  100  6:00  Viking  
  101  6:05  Siege Tank  
  101  6:11  Marine x3  
  102  6:12  Supply Depot x2  
  104  6:20  Combat Shield  
  104  6:23  Viking  
  106  6:30  SCV x3  
  108  6:35  Barracks Reactor  
  102  6:40  Marine  
  102  6:41  Marine x2  
  102  6:42  Siege Tank  
  108  6:55  Barracks  
  108  6:56  Barracks  
  108  6:58  Engineering Bay  
  107  7:06  Viking x2  
  109  7:09  Marine x3  
  109  7:15  Siege Tank  
  115  7:28  Marine  
  115  7:29  Marine x4  
  119  7:32  Terran Infantry Weapons Level 1  
  119  7:36  Engineering Bay  
  120  7:46  Marine x2  
  120  7:49  Marine x5  
  104  7:53  Medivac  
  91  8:02  Orbital Command, SCV  
  91  8:04  Marine x2  
  87  8:07  Marine x3  
  87  8:09  Marine x2  
  87  8:11  Terran Infantry Armor Level 1  
  92  8:15  Refinery, Siege Tank  
  92  8:19  Medivac  
  98  8:20  SCV x2  
  98  8:25  Marine x4  
  98  8:26  Marine  
  104  8:28  Medivac  
  104  8:30  SCV  
  104  8:32  SCV x2  
  109  8:41  Marine x2  
  105  8:43  Marine x2  
  105  8:47  Marine x3  
  90  8:58  Marine x2, Siege Tank  
  90  9:00  Marine x2  
  90  9:05  Marine x3  
  90  9:07  Medivac x2  
  90  9:08  SCV x2  
  90  9:09  SCV  
  89  9:12  Armory  
  89  9:16  Marine x2  
  91  9:18  Marine x2  
  91  9:20  SCV x2  
  91  9:21  SCV  
  91  9:23  Marine x3  
  95  9:31  Refinery x2  
  95  9:32  SCV x2, Supply Depot  
  95  9:33  SCV  
  95  9:34  Marine x2  
  95  9:35  Siege Tank  
  95  9:36  Marine x2  
  95  9:37  Viking x2  
  109  9:41  Marine  
  109  9:42  Barracks Tech Lab  
  109  9:43  Barracks Reactor  
  109  9:45  SCV x2  
  111  9:49  SCV  
  111  9:52  Marine, Marauder  
  116  9:54  Marine  
  116  9:57  Concussive Shells  
  117  10:07  Viking  
  117  10:08  Viking  
  117  10:10  Siege Tank  
  117  10:12  Command Center  
  124  10:16  Marauder  
  124  10:17  Marauder, Marine x2  
  130  10:22  Marine x2  
  130  10:26  SCV  
  130  10:27  SCV x2  
  135  10:31  Supply Depot x2  
  135  10:40  Viking x2  
  140  10:42  Siege Tank  
  140  10:46  Terran Infantry Weapons Level 2, Sensor Tower  
  140  10:53  Terran Infantry Armor Level 2  
  133  11:00  Marauder x2  
  133  11:02  Marine x4  
  133  11:03  Marine x2  
  137  11:18  Siege Tank  
  140  11:20  Marine x6  
  140  11:21  Marine  
  148  11:25  SCV x2  
  148  11:26  SCV  
  148  11:28  Marine  
  148  11:33  Planetary Fortress  
  148  11:38  Marine x3  
  151  11:43  SCV x2  
  151  11:44  SCV, Marine x2  
  154  11:48  Viking x2  
  156  11:55  SCV x2  
  156  11:56  Marine x2  
  156  11:57  Marine x3  
  156  11:59  Marine  
  164  12:02  Marine x2  
  149  12:14  Marine x5  
  143  12:17  Reaper  
  143  12:20  Marine x2  
  143  12:21  Siege Tank  
  146  12:25  SCV x3  
  149  12:32  Marine x2  
  149  12:34  Viking x2  
  149  12:36  Marine x2  
  151  12:37  Marine  
  149  12:51  Marine x2  
  149  12:52  Marine x2  
  149  12:53  Siege Tank  
  149  12:56  Sensor Tower  
  156  12:59  Factory  
  156  13:01  Marine x3  
  157  13:07  Barracks Reactor  
  157  13:09  Marine x2  
  157  13:11  SCV x3  
  157  13:12  Marine  
  155  13:24  Marine x2, Supply Depot  
Show
View Real Time Build Order
Export as new Build Order

GuMiho Terran 

Build Orders:  

Get SALT Encoding   

  12  0:00  SCV  
  13  0:12  SCV  
  14  0:17  Supply Depot  
  14  0:24  SCV  
  15  0:38  SCV  
  15  0:40  Barracks  
  16  0:42  Refinery  
  16  0:50  SCV  
  16  0:53  Refinery  
  17  1:03  SCV  
  18  1:15  SCV  
  19  1:27  Orbital Command, Reaper  
  20  1:36  Supply Depot  
  20  1:42  Factory  
  20  1:52  SCV  
  21  1:59  Reaper  
  22  2:04  SCV  
  23  2:16  Command Center  
  23  2:20  SCV  
  24  2:26  Widow Mine  
  26  2:31  Barracks Reactor  
  26  2:32  SCV  
  26  2:35  Supply Depot  
  27  2:45  Starport  
  27  2:47  SCV  
  27  2:50  Factory Tech Lab  
  28  2:59  SCV  
  29  3:07  Marine  
  29  3:08  Marine  
  29  3:11  SCV  
  32  3:17  Factory Tech Lab  
  32  3:19  Refinery  
  32  3:23  SCV  
  32  3:25  Marine x2  
  35  3:27  Raven  
  35  3:31  Orbital Command  
  37  3:36  SCV  
  38  3:41  Siege Tank  
  38  3:44  Marine  
  38  3:45  Marine  
  43  3:49  SCV  
  43  3:53  Supply Depot  
  44  3:57  SCV  
  44  4:01  SCV  
  46  4:03  Raven  
  46  4:06  Marine  
  46  4:07  Marine  
  46  4:09  SCV  
  51  4:13  SCV  
  52  4:17  Siege Tank  
  52  4:21  Supply Depot  
  52  4:22  SCV  
  56  4:26  SCV  
  56  4:27  Marine x2  
  59  4:34  SCV  
  59  4:35  Supply Depot  
  59  4:38  SCV  
  61  4:43  Raven  
  61  4:45  Refinery  
  63  4:46  Marine  
  63  4:47  Marine, Supply Depot  
  63  4:49  SCV  
  63  4:51  SCV  
  67  4:56  Siege Tank  
  70  5:01  SCV  
  70  5:03  SCV  
  72  5:14  SCV  
  72  5:15  SCV  
  72  5:17  Supply Depot  
  74  5:23  Liberator x2  
  81  5:28  SCV x2  
  81  5:30  Siege Tank  
  81  5:33  Supply Depot  
  85  5:40  SCV x2  
  87  5:48  Marine  
  88  5:52  SCV  
  88  5:53  SCV  
  90  6:01  Supply Depot  
  90  6:02  Siege Tank  
  90  6:04  SCV, Supply Depot  
  93  6:05  SCV  
  93  6:06  Viking  
  93  6:07  Viking  
  97  6:19  SCV x2  
  97  6:25  Marine  
  100  6:39  Viking x2  
  102  6:40  SCV x2  
  102  6:43  Siege Tank  
  107  6:54  SCV x2  
  107  6:58  Command Center  
  109  7:06  SCV x2  
  111  7:08  Viking  
  111  7:09  Viking  
  111  7:10  Barracks  
  111  7:14  Barracks  
  115  7:21  Siege Tank  
  115  7:35  Stimpack, Engineering Bay  
  115  7:36  Engineering Bay  
  115  7:37  SCV  
  115  7:38  SCV  
  117  7:46  Viking  
  117  7:48  Viking  
  87  8:05  Barracks Reactor x2, Siege Tank  
  82  8:08  Barracks  
  82  8:10  Terran Infantry Weapons Level 1, Terran Infantry Armor Level 1  
  80  8:15  Orbital Command  
  80  8:16  Viking  
  80  8:18  Barracks, Viking  
  83  8:37  Siege Tank  
  86  8:42  Marine  
  86  8:46  Liberator  
  76  9:00  Viking  
  66  9:03  SCV x2  
  66  9:04  Marine  
  66  9:05  Marine x2  
  66  9:09  Marine  
  70  9:10  Barracks Reactor x2  
  70  9:16  SCV  
  70  9:17  SCV  
  65  9:26  SCV  
  65  9:28  Marine x3  
  65  9:29  SCV, Marine x2  
  65  9:30  Siege Tank  
  77  9:35  Medivac  
  77  9:46  Marine x4  
  77  9:47  Marine  
  77  9:49  Medivac  
  77  9:51  Marine x2  
  77  9:52  Marine x2, Supply Depot  
  88  9:56  Combat Shield  
  86  10:01  SCV  
  86  10:02  SCV  
  86  10:04  Marine  
  86  10:05  Marine x2  
  86  10:06  Marine x2  
  93  10:13  Siege Tank  
  96  10:18  Marine  
  96  10:19  Marine x2  
  99  10:25  Marine x3  
  99  10:26  Orbital Command, Marine  
  99  10:28  Marine  
  104  10:29  Marine  
  105  10:36  Medivac  
  105  10:38  Medivac  
  105  10:42  Marine x3  
  109  10:44  Marine  
  110  11:02  Marine x5  
  110  11:03  Marine  
  110  11:04  Marine  
  117  11:08  Marine x2  
  118  11:15  Siege Tank  
  121  11:20  Marine x5  
  121  11:21  Marine x2  
  126  11:26  Marine  
  126  11:27  Marine  
  128  11:37  Marine  
  128  11:38  Marine x4  
  131  11:50  Viking x2  
  133  11:54  Marine x3  
  133  11:56  Marine  
  133  12:00  Marine x2  
  139  12:05  Siege Tank  
  139  12:06  Marine  
  130  12:13  Marine  
  123  12:18  Marine x3  
  123  12:19  Marine x2  
  124  12:31  Liberator  
  125  12:39  Supply Depot  
  125  12:40  Liberator  
  124  12:52  Siege Tank  
  124  12:58  Marine x3  
  109  13:16  Marine x3  
  110  13:20  Marine x2  
  110  13:21  Marine x2  
Tags
 
Add a new tag
Caveats
  • Supply blocks, unpowered buildings, or Contaminate may cause inaccurate times.
  • Supply counts are checked every 10 seconds.